 Dungeon Crawl Stone Soup version 0.23-a0-79-gaa8cc03 (webtiles) character file.

101 Amnesiac the Gusty (level 4, 0/30 HPs)
             Began as a Mummy Air Elementalist on Aug 11, 2018.
             Slain by an orc wizard
             ... wielding a +0 dagger
              (2 damage)
             ... on level 3 of the Dungeon.
             The game lasted 00:07:52 (1323 turns).

Amnesiac the Gusty (Mummy Air Elementalist)         Turns: 1323, Time: 00:07:54

Health: 0/30       AC:  3    Str: 11    XL:     4   Next: 48%
Magic:  0/9        EV: 11    Int: 15    God:
Gold:   68         SH:  0    Dex: 12    Spells: 6/10 levels left

rFire    x . .     SeeInvis .   e - +1 quarterstaff
rCold    + . .     Gourm    .   (shield currently unavailable)
rNeg     + + +     Faith    .   d - +0 leather armour
rPois    ∞         Spirit   .   (no helmet)
rElec    .         Reflect  .   (no cloak)
rCorr    .         Harm     .   (no gloves)
MR       .....                  (no boots)
Stlth    +.........             (no amulet)
HPRegen  0.10/turn              (no ring)
MPRegen  0.11/turn              (no ring)

@: very slightly contaminated
A: no food or potions, fire vulnerability, cold resistance 1, negative energy
resistance 3, torment resistance, unbreathing
a: no special abilities


You were on level 3 of the Dungeon.
You were not hungry.

You visited 1 branch of the dungeon, and saw 4 of its levels.

You collected 68 gold pieces.

Inventory:

Hand Weapons
 e - a +1 quarterstaff (weapon)
Armour
 a - a +0 robe
 d - a +0 leather armour (worn)
Scrolls
 b - a scroll of identify {!r}


   Skills:
 - Level 1.5 Dodging
 - Level 1.5 Stealth
 + Level 3.8 Spellcasting
   Level 0.7 Conjurations
 * Level 3.9 Air Magic


You had 6 spell levels left.
You knew the following spells:

 Your Spells              Type           Power        Failure   Level  Hunger
d - Airstrike             Air            ##........   43%         4    N/A

Your spell library contained the following spells:

 Spells                   Type           Power        Failure   Level  Hunger
 Lightning Bolt           Conj/Air       #.........   95%         5    N/A
 Shock                    Conj/Air       #...         10%         1    N/A
 Swiftness                Chrm/Air       #.......     16%         2    N/A
 Static Discharge         Conj/Air       #.......     28%         3    N/A

Dungeon Overview and Level Annotations

Branches:
Dungeon (4/15)
 Temple: D:4-7

Altars:

Annotations:
D:3 3 runed doors, Jessica; adept's ghost, amateur GrFi
D:4 exclusion: ogre


Innate Abilities, Weirdness & Mutations

You do not eat or drink.
Your flesh is vulnerable to fire.
You are immune to poison.
Your flesh is cold resistant. (rC+)
You are immune to negative energy. (rN+++)
You are immune to unholy pain and torment.
You can survive without breathing.


Message History

The worker ant barely misses you. The worker ant closely misses you.
Unknown command.
Casting: Shock (safe; 10% risk of failure)
Confirm with . or Enter, or press ? or * to list all spells.
Aiming: Shock (safe; 10% risk of failure)
Press: ? - help, Shift-Dir - straight line The zap hits the worker ant.
You kill the worker ant!
An orc comes into view. It is wielding a dagger.
There is a stone staircase leading up here.
The orc wizard gestures at you while chanting.
The puff of frost hits you! You resist.
* * * LOW HITPOINT WARNING * * *
Really read
c - a scroll labeled QAIPSY OMECE {!r}?
As you read the scroll labeled QAIPSY OMECE {!r}, it crumbles to dust.
The scroll dissolves into smoke.
It was a scroll of fog {!r}.
The orc wizard closely misses you.
There is a stone staircase leading up here.
The orc wizard hits you but does no damage.
You climb upwards.
Level annotation: 3 runed doors, Jessica; adept's ghost, amateur GrFi
There is a stone staircase leading down here.
Casting: Shock (safe; 10% risk of failure)
Confirm with . or Enter, or press ? or * to list all spells.
Aiming: Shock (safe; 10% risk of failure)
Press: ? - help, Shift-Dir - straight line The zap misses the orc wizard. x2
The orc wizard mumbles some strange words.
The orc wizard seems to speed up.
Casting: Shock (safe; 10% risk of failure)
Confirm with . or Enter, or press ? or * to list all spells.
Aiming: Shock (safe; 10% risk of failure)
Press: ? - help, Shift-Dir - straight line The zap hits the orc wizard.
The orc wizard is moderately wounded.
The zap misses the orc wizard.
The orc wizard hits you but does no damage.
Casting: Shock (safe; 10% risk of failure)
Confirm with . or Enter, or press ? or * to list all spells.
Aiming: Shock (safe; 10% risk of failure)
Press: ? - help, Shift-Dir - straight line The zap hits the orc wizard.
The orc wizard is moderately wounded.
The zap misses the orc wizard.
The orc wizard hits you with a dagger.
* * * LOW HITPOINT WARNING * * *
The orc wizard gestures at you while chanting.
The magic dart hits you!
* * * LOW HITPOINT WARNING * * *
Really read
f - a scroll labeled BUHUCK NIYCKO {!r}?
As you read the scroll labeled BUHUCK NIYCKO {!r}, it crumbles to dust.
It is a scroll of amnesia.
Your memory of Shock unravels.
The orc wizard closely misses you.
Really read
g - a scroll labeled KIUSIO AWKIQIR {!r}?
As you read the scroll labeled KIUSIO AWKIQIR {!r}, it crumbles to dust.
It is a scroll of enchant weapon.
Your +0 quarterstaff glows red for a moment.
The orc wizard points at you and mumbles some strange words.
The magic dart hits you!
* * * LOW HITPOINT WARNING * * *
The orc wizard barely misses you.
You closely miss the orc wizard.
The orc wizard is moderately wounded.
The orc wizard hits you with a dagger.
You die...

.##....# ##....#.### #..#..#...
#####....##..# #......####..#
#......# ##..# ##.....###...#
K..##.#( .(!#o........#[###
#.....# ..(.#.@..####.....####
###.....+.(...#.........#.#....##
........+....8#.....#####).###..#
........+..(..#..................
#......#(...(#....#######[######
.#......#W....#....# #..# #
........########..## ##.## ##
$##..........##..### #..###.
#.......###......o..#######.@...


You could see an orc wizard.

Vanquished Creatures
  An orc wizard (D:3)
  A worker ant (D:4)
  An adder (D:3)
  An ooze (D:3)
  3 dart slugs (D:1)
  A leopard gecko (D:3)
  8 orcs
  2 bats (D:1)
  A giant cockroach (D:3)
  2 goblins (D:1)
  2 quokkas (D:3)
  A rat (D:3)
24 creatures vanquished.

Notes
Turn   | Place    | Note
-------+----------+-------------------------------------------
     0 | D:1      | Amnesiac the Mummy Air Elementalist began the quest for the Orb.
     0 | D:1      | Reached XP level 1. HP: 13/13 MP: 4/4
   148 | D:1      | Reached XP level 2. HP: 10/19 MP: 2/5
   756 | D:3      | Reached XP level 3. HP: 10/24 MP: 0/7
   758 | D:3      | Found a runed gate.
   758 | D:3      | Found a runed gate.
   758 | D:3      | Found a runed gate.
   758 | D:3      | Noticed adept's ghost (amateur GrFi)
  1098 | D:3      | Reached XP level 4. HP: 20/30 MP: 0/9
  1112 | D:3      | Learned a level 4 spell: Airstrike
  1136 | D:3      | Noticed Jessica
  1294 | D:4      | Noticed an ogre
  1323 | D:3      | Slain by an orc wizard

Vault maps used:
D:1:      shiori_angband_town
D:2:      first_ration
D:3:      ebering_ghost_rock_garden, uniq_jessica
D:4:      lemuel_doored_altar, yredelemnul_altar_generic, serial_shops, shop

Skill      XL: |  1  2 |
---------------+-------+-----
Air Magic      | 3 |  3.9
Spellcasting   | 3 |  3.8
Dodging        | |  1.5
Stealth        | |  1.5
Conjurations   | |  0.7

Action                   |  1- 3 |  4- 6 || total
-------------------------+-------+-------++-------
Melee: Unarmed           |     9 |       ||     9
       Quarterstaff      |       |     1 ||     1
 Cast: Shock             |    42 |    14 ||    56
  Use: Scroll            |     1 |     3 ||     4
Armor: Robe              |     7 |       ||     7
       Leather armour    |       |     4 ||     4
Dodge: Dodged            |    39 |    11 ||    50

Table legend:
 A = Non-vault XP
 B = Vault XP
 C = Vault XP percentage of total XP
 D = Non-vault monster count
 E = Vault monster count
 F = Vault count percentage of total count
 G = Total turns spent on level
                 A         B        C        D         E       F
            +---------+---------+-------+---------+---------+-------
      Total |     145 |       0 |   0.0 |      24 |       0 |   0.0
            +---------+---------+-------+---------+---------+-------
        D:1 |      19 |       0 |   0.0 |       7 |       0 |   0.0
        D:3 |      91 |       0 |   0.0 |      15 |       0 |   0.0
        D:4 |      35 |       0 |   0.0 |       2 |       0 |   0.0
            +---------+---------+-------+---------+---------+-------
